← All builds
Suicide front / Cortex / Economy first / OBSERVED BUILD

Standard suicide front

Cortex Suicide front build order · Supreme Isthmus

The role's baseline: bot lab first, economy expands through the first minutes, and Thugs with Aggravators and Grunts carry the fight to the middle as T2 approaches.

#eco #defence · 458 distinct matches · 86 players · 71% of Cortex Suicide front games · team won 52% of 474 · Recently observed

HOW TO PLAY IT

Key timing: Bot Lab by 0:34

  1. Take 3 mex, then rush a Bot Lab immediately for early army.
  2. Finish Bot Lab, start pumping Thug, Grunt and Aggravator.
  3. Push units to middle to contest and secure reclaim early.
  4. Add Advanced Metal Extractor to keep economy scaling with the fight.
  5. Hold middle with bots until T2 reinforcements arrive from Geo.

Phase by phase

TYPICAL OF ITS 458 GAMES
  1. 1
  2. 2
  3. 3
PLAY THE OPENING

Follow the example game's first 6:00 step by step: what to build now, what comes next, and where it goes. At 1× it keeps pace with your own game.

  1. 1

    Up to the Bot Lab

    Economy
    • Metal Extractor1Mex
    Order
    1. Bot LabBot Lab after 2 mexdone ~0:35, middle half 0:27–0:45

    By 0:18 in all: 1 mex

    The example game in this phase · 2 steps
    1. Mex ×3
    2. Bot LabBot Labdone 0:44 · typical 0:35
  2. 2

    Bot Lab to 5:00

    Economy
    • Metal Extractor4Mex
    • Wind Turbine3Wind
    Builders
    • Graverobber4 Graverobber
    • Construction Bot3 Con bot
    Army
    • Guard3 Guard
    • Thug15 Thug
    • Grunt3 Grunt
    Other
    • Radar Tower1 Radar Tower

    Some games also: aggravator (47%)

    By 5:00 in all: 5 mex · 3 wind

    The example game in this phase · 27 steps
    1. Wind
    2. GruntGrunt
    3. GuardGuard
    4. GraverobberGraverobber
    5. Construction BotCon bot
    6. ThugThug ×4
    7. Mex
    8. ThugThug
    9. GraverobberGraverobber
    10. Wind
    11. Radar TowerRadar Tower
    12. GraverobberGraverobber
    13. Construction BotCon bot
    14. AggravatorAggravator
    15. GuardGuard
    16. AggravatorAggravator ×4
    17. Construction BotCon bot
    18. ThugThug
    19. Mex
    20. ThugThug ×4
    21. GuardGuard
    22. ThugThug ×6
    23. GraverobberGraverobber
    24. Construction BotCon bot
    25. Mex
    26. ThugThug ×2
    27. BlitzBlitz
  3. 3

    5:00 to 10:00

    Economy
    • Metal Extractor1Mex
    • Wind Turbine13Wind
    Builders
    • Construction Turret2 Con turret
    • Graverobber2 Graverobber
    • Construction Bot1 Con bot
    Army
    • Guard1 Guard
    • Thug7 Thug
    • Grunt3 Grunt

    Some games also: energy storage (48%) · aggravator (47%) · Radar Tower (41%) · Twin Guard (31%)

    By 10:00 in all: 6 mex · 18 wind · 1 energy storage · 2 con turret

    The example game in this phase · 73 steps
    1. ThugThug
    2. Wind
    3. ThugThug ×3
    4. BlitzBlitz
    5. ThugThug ×2
    6. Mex
    7. ThugThug ×4
    8. Radar TowerRadar Tower
    9. GraverobberGraverobber
    10. Construction BotCon bot
    11. GraverobberGraverobber
    12. Twin GuardTwin Guard
    13. Wind
    14. GruntGrunt
    15. GraverobberGraverobber ×2
    16. BlitzBlitz
    17. Wind
    18. Construction BotCon bot
    19. BlitzBlitz
    20. ThugThug
    21. Wind ×2
    22. ThugThug
    23. WhistlerMissile truck
    24. ThugThug
    25. Wind
    26. ThugThug
    27. Wind
    28. BlitzBlitz
    29. Wind ×2
    30. ThugThug
    31. Wind
    32. ThugThug
    33. Con turret
    34. Wind
    35. ThugThug
    36. Wind
    37. ThugThug
    38. BlitzBlitz
    39. ThugThug
    40. JanusJanus
    41. Wind
    42. GraverobberGraverobber
    43. CenturionCenturion
    44. GraverobberGraverobber
    45. Energy storage
    46. Wind
    47. ThugThug
    48. Wind
    49. ThugThug
    50. Wind
    51. ThugThug
    52. Wind
    53. ThugThug
    54. Mex
    55. Wind
    56. ThugThug
    57. Wind
    58. Con turret
    59. GraverobberGraverobber
    60. Wind
    61. ThugThug
    62. Wind
    63. Con turret
    64. ThugThug
    65. Radar TowerRadar Tower
    66. Twin GuardTwin Guard
    67. Advanced Metal ExtractorT2 mexnot finished by 15:00 · typical 9:46
    68. ThugThug
    69. Con turret
    70. Wind
    71. Con turret
    72. ThugThug
    73. Twin GuardTwin Guard

Counts are medians over the build's games: half of them build more, half fewer. The example game is Rexalidus's (37 OS, 04/10/2026); pick another.

Team trades

IN AT LEAST 30% OF ITS GAMES

You hand over

Nothing regular.

You get

  • Tidal Generator4 Tidal from Pondfirst at 0:11 · in 68% of games
  • Advanced Construction Bot1 T2 con bot from Geo or Techfirst at 7:37 · in 57% of games

How it plays out

Typical game of this build, running totals by minute

Metal produced

010k20k
0:005:0010:0015:00

metal

Enemy metal destroyed

05k10k
0:005:0010:0015:00

metal

Own metal lost

05k10k15k
0:005:0010:0015:00

metal

474 games.

Show as table
ByMetal produced: This buildEnemy metal destroyed: This buildOwn metal lost: This build
1:0030600
2:0096400
3:002072198133
4:003165723636
5:00432816731430
6:00555025952412
7:00674536233531
8:00795045704501
9:00922452395488
10:001046559906304
11:001201765557138
12:001355670147974
13:001518476858753
14:001697884309413
15:0018420906910163
WHAT THE NUMBERS SAY

This is the role's baseline aggressive job, winning half its games while both dealing and taking heavy metal losses fighting at middle.

  • + Fastest Bot Lab of any role (0:34), gets units fighting almost immediately.
  • + Destroys 8805 enemy metal by 15:00 through constant middle pressure.
  • − Loses 10461 own metal by 15:00, more than it destroys.
  • − Metal production lags behind other front role at 18297 by 15:00.
THE EXAMPLE YOU ARE READING

Rexalidus

36.6 OS · 04/10/2026

Open source match ↗

19 received units · includes a constructor
198 metal received · 13596 energy received

Allied construction assistance is unknown. Timings are observations, not a promise of solo reproducibility.

Typical milestones

Bot Lab0:35Middle 50%: 0:27–0:45 · n=470
Advanced Metal Extractor9:46Middle 50%: 8:50–10:57 · n=306

Played most by

_X_64games of this build_Hawkey_51games of this buildXXMACGAMERXX32games of this buildImmort30games of this buildGuiTou25games of this build